 Dungeon Crawl Stone Soup version 0.16-a0-4020-g6ff35b5 (webtiles) character file.

30 Pleinair the Skirmisher (level 3, -1/29 HPs)
             Began as a Formicid Abyssal Knight on Feb 17, 2015.
             Slain by a thrashing horror (4 damage)
             ... created by the touch of Lugonu
             ... on level 2 of the Dungeon.
             The game lasted 00:06:36 (1147 turns).

Pleinair the Skirmisher (Formicid Abyssal Knight)   Turns: 1147, Time: 00:06:36

Health: -1/29      AC:  3    Str: 16    XL:     3   Next: 35%
Magic:  13/13      EV: 10    Int: 11    God:
Gold:   18         SH:  0    Dex: 11    Spells: 0 memorised, 2 levels left

rFire  . . .     SeeInvis +     a - +1 falchion
rCold  . . .     Clarity  .     e - +0 ring mail
rNeg   . . .     SustAb   .     (no shield)
rPois  +         Gourm    .     (helmet unavailable)
rElec  .         Spirit   .     (no cloak)
rCorr  .         Warding  .     (no gloves)
rMut   .         Stasis   +     (no boots)
MR     .....                    (no amulet)
Stlth  ..........               (no ring)
                                b - ring of magical power

@: confused, not resistant to hostile enchantments, extremely unstealthy
A: permanent stasis, dig shafts and tunnels, four strong arms, antennae 3,
blurry vision 1, deformed body, low mp 1, poison resistance
a: Dig, Shaft Self


You were on level 2 of the Dungeon.
You were not hungry.

You visited 1 branch of the dungeon, and saw 2 of its levels.
You visited the Abyss 1 time.

You collected 18 gold pieces.

Inventory:

Hand weapons
 a - a +1 falchion (weapon)
Armour
 e - a +0 ring mail (worn)
Jewellery
 b - a ring of magical power (left hand)
Scrolls
 f - a scroll of identify {unknown}
 g - a scroll of recharging {unknown}
Comestibles
 c - 3 bread rations
 d - 2 fruits


   Skills:
 - Level 3.5 Fighting
 + Level 3.2 Long Blades
 - Level 2.3 Armour
 - Level 0.8 Dodging
 - Level 2.1 Invocations


You had 2 spell levels left.
You didn't know any spells.

Dungeon Overview and Level Annotations

Branches:
Dungeon (2/15)

Altars:


Innate Abilities, Weirdness & Mutations

You are under a permanent stasis effect.
You can dig through walls and to a lower floor.
Your four strong arms can wield two-handed weapons with a shield.
You have a pair of large antennae on your head (SInv).
Scrolls take you a little longer to read.
Armour fits poorly on your strangely shaped body.
Your magical capacity is low (-10% MP).
Your system is resistant to poisons.


Message History

Unknown command.
You're too confused!
Drink which item? (? for menu, Esc to quit)
It was a potion of heal wounds.
You feel much better.
The thrashing horror roars!
A rat comes into view.
The thrashing horror tramples you.
You hold your ground!
The thrashing horror tramples you.
You hold your ground!
You're too confused!
Unknown command.
The thrashing horror roars!
The thrashing horror tramples you!
* * * LOW HITPOINT WARNING * * *
You stumble backwards!
The thrashing horror tramples you.
* * * LOW HITPOINT WARNING * * *
You stumble backwards!
Found a stone staircase leading down.
The thrashing horror roars!
The thrashing horror barely misses you. The thrashing horror tramples you.
You die...

#<..# #.#.#
##.#.##
##.....##
#.#.......##
...........#
[..........#
........X...#
##.....@...#
#.....r...#
#.........#
#.........#
#.........#
#......>..#
.........#
.......## ...


You could see a thrashing horror and a rat.

Vanquished Creatures
  An ufetubus (Abyss:1)
  An ooze (D:1)
  7 bats
  2 goblins (D:1)
  A hobgoblin (D:1)
  3 jackals (D:1)
  2 giant newts (D:1)
  4 kobolds (D:1)
  3 rats (D:1)
24 creatures vanquished.

Notes
Turn   | Place    | Note
--------------------------------------------------------------
     0 | Abyss:1  | Pleinair, the Formicid Abyssal Knight, began the quest for the Orb.
     0 | Abyss:1  | Reached XP level 1. HP: 18/18 MP: 1/1
    61 | Abyss:1  | Noticed a neqoxec
    61 | Abyss:1  | Gained mutation: Your magical capacity is low (-10% MP). [a neqoxec]
    62 | Abyss:1  | Fell from the grace of Lugonu
    65 | Abyss:1  | Gained mutation: Armour fits poorly on your strangely shaped body. [a neqoxec]
    82 | Abyss:1  | Noticed a small abomination
    84 | Abyss:1  | Gained mutation: Your system is resistant to poisons. [a neqoxec]
   102 | Abyss:1  | Gained mutation: Scrolls take you a little longer to read. [a neqoxec]
   113 | Abyss:1  | Noticed a chaos spawn
   113 | Abyss:1  | Noticed a crimson imp
   120 | Abyss:1  | Noticed a shadow dragon skeleton
   430 | Abyss:1  | Noticed a large abomination
   463 | Abyss:1  | Noticed a small abomination
   470 | D:1      | Escaped the Abyss
   483 | D:1      | Reached XP level 2. HP: 24/24 MP: 2/2
   694 | D:1      | Reached XP level 3. HP: 29/29 MP: 4/4
  1144 | D:2      | Noticed a thrashing horror
  1147 | D:2      | Slain by a thrashing horror

Action                   || total
-------------------------++-------
Melee: Falchion          ||    67
Invok: Renounce Religion ||     1
 Abil: Dig               ||     7
  Use: Potion            ||     1
  Eat: Chunk             ||     1
